 Dungeon Crawl Stone Soup version 0.29-a0-206-g4a66f2e2b5 (webtiles) character file.

Game seed: 11705151474092413235

77 kraedy the Cudgeller (level 4, -1/28 HPs)
             Began as a Gargoyle Fighter on Feb 23, 2022.
             Killed by divine providence
             ... invoked by an orc priest
              (12 damage)
             ... on level 3 of the Dungeon.
             The game lasted 00:03:19 (1829 turns).

kraedy the Cudgeller (Gargoyle Fighter)             Turns: 1829, Time: 00:03:20

Health: -1/28      AC: 13    Str: 21    XL:     4   Next: 33%
Magic:  4/4        EV:  9    Int:  9    God:
Gold:   88         SH:  4    Dex:  9    Spells: 3/3 levels left

rFire   . . .      SeeInvis .   h - +0 whip
rCold   . . .      Faith    .   c - +0 buckler
rNeg    + . .      Spirit   .   b - +0 scale mail
rPois   ∞          Reflect  .   i - +1 hat
rElec   +          Harm     .   (no cloak)
rCorr   .          Rampage  .   k - +1 pair of gloves
Will    .....                   (no boots)
Stlth   ..........              (no amulet)
HPRegen 0.09/turn               (no ring)
MPRegen 0.09/turn               (no ring)

@: no status effects
A: sickness immunity, AC +3, negative energy resistance 1, electricity
resistance, torment resistance 1, petrification resistance
a: no special abilities


You were on level 3 of the Dungeon.
You visited 1 branch of the dungeon, and saw 3 of its levels.

You collected 88 gold pieces.

Inventory:

Hand Weapons
 h - a +0 whip (weapon)
 j - a +0 morningstar
Armour
 b - a +0 scale mail (worn)
 c - a +0 buckler (worn)
 i - a +1 hat (worn)
 k - a +1 pair of gloves (worn)
Jewellery
 f - a ring of ice
Potions
 d - a potion of might
 e - a potion of haste {unknown}
 g - 2 potions of invisibility
 m - 2 potions of heal wounds
 p - a potion of resistance {unknown}


   Skills:
 - Level 3.2 Fighting
 + Level 4.4 Maces & Flails
 - Level 3.2 Armour
 - Level 3.2 Shields


You had 3 spell levels left.
You didn't know any spells.
Your spell library was empty.

Dungeon Overview and Level Annotations

Branches:
Dungeon (3/15)

Altars:
Zin

Shops:
D:1 [


Innate Abilities, Weirdness & Mutations

You are immune to sickness and miasma.
Your stone body is resilient. (AC +3)
You are immune to poison.
You resist negative energy. (rN+)
You are resistant to electric shocks. (rElec)
You are resistant to unholy torment.
You are immune to petrification.


Message History

There is a stone staircase leading down here.
You climb downwards.
There is a stone staircase leading up here.
There is a stone staircase leading up here.
An orc comes into view. It is wielding a +0 hand axe.
Found a stone staircase leading down.
The orc shouts!
You hear a shout!
The orc moves out of view.
You hear a shout!
An orc and an orc priest come into view.
The orc priest is wielding a +2 dagger of venom.
The orc shouts!
The orc priest shouts!
The orc priest invokes the aid of Beogh against you.
Beogh smites you!
You closely miss the orc. The orc closely misses you.
You barely miss the orc. You block the orc's attack.
You barely miss the orc. You whack the orc!
You kill the orc!
You closely miss the orc. The orc hits you with a +0 hand axe.
You hit the orc.
The orc is severely wounded.
The orc hits you but does no damage.
You hit the orc.
You kill the orc!
The orc priest hits you but does no damage.
Things that are here:
a +0 hand axe; a +0 dagger; an orc corpse You barely miss the orc priest.
The orc priest closely misses you.
You hit the orc priest but do no damage.
The orc priest mumbles some strange prayers to Beogh against you.
You barely resist. You whack the orc priest!
The orc priest is heavily wounded.
The orc priest completely misses you.
You closely miss the orc priest.
The orc priest is heavily wounded.
The orc priest mumbles some strange prayers to Beogh against you.
Beogh smites you!
You die...

#.# #.# ##.#
#..# #.## #
#<# .. #.#
..#.# #.#
......#@#
#...o#
#>............
##.########.#.
.. #. .


You could see an orc priest.

Vanquished Creatures
  5 adders (D:2)
  2 orcs (D:3)
  2 endoplasms (D:2)
  5 goblins
  A hobgoblin (D:1)
  3 jackals (D:1)
  5 ball pythons
  3 bats
  4 frilled lizards
  2 rats (D:1)
32 creatures vanquished.

Notes
Turn   | Place    | Note
-------+----------+-------------------------------------------
     0 | D:1      | kraedy the Gargoyle Fighter began the quest for the Orb.
     0 | D:1      | Reached XP level 1. HP: 14/14 MP: 1/1
   149 | D:1      | Reached XP level 2. HP: 19/19 MP: 2/2
   273 | D:1      | Found Wukum's Armour Boutique.
   288 | D:1      | You fall into a shaft and drop 1 floor!
   304 | D:2      | Found a glowing silver altar of Zin.
   367 | D:2      | Reached skill level 3 in Maces & Flails
   592 | D:2      | Found a faded altar of an unknown god.
   738 | D:2      | Reached XP level 3. HP: 19/23 MP: 3/3
   984 | D:2      | Reached skill level 4 in Maces & Flails
  1118 | D:2      | Reached XP level 4. HP: 28/28 MP: 4/4
  1829 | D:3      | Killed from afar by an orc priest

Illustrated notes

Levels and vault maps discovered:
D:1:      minmay_arrival_widening_spiral_wide, layout_basic, serial_shops,
          nicolae_shop_statue_plus
D:2:      minmay_general_purpose_star, layout_basic, basic_altar,
          chequers_ecumenical_altar_island
D:3:      layout_loops_ring

Skill      XL: |  1  2  3 |
---------------+----------+-----
Maces & Flails | 3 4 |  4.4
Fighting       | |  3.2
Armour         | |  3.2
Shields        | |  3.2

Action                   |  1- 3 |  4- 6 || total
-------------------------+-------+-------++-------
Melee: Flail             |    18 |       ||    18
       Whip              |    67 |    42 ||   109
  Use: Scroll            |       |     6 ||     6
Armor: Scale mail        |    47 |    16 ||    63
Dodge: Dodged            |    27 |    19 ||    46
Block: Buckler           |    23 |     6 ||    29

Table legend: (Time is in decaauts)
 A = Elapsed time spent in this place.
 B = Non-inter-level travel time spent in this place.
 C = Inter-level travel time spent in this place.
 D = Time resting spent in this place.
 E = Time spent auto-exploring this place.
 F = Levels seen in this place.
 G = Mean time per level.
                   A        B        C        D        E       F      G
               +--------+--------+--------+--------+--------+-----+--------+
         Total |   1840 |   1769 |     71 |    127 |   1220 |   3 |  613.3 |
       Dungeon |   1840 |   1769 |     71 |    127 |   1220 |   3 |  613.3 |
               +--------+--------+--------+--------+--------+-----+--------+

Top non-repeatable levels by time:
     D:2: 1201 daAuts
     D:1: 616 daAuts
     D:3: 22 daAuts
